 Dungeon Crawl Stone Soup version 0.26.0-10-g1f06aea511 (webtiles) character file.

Game seed: 15677390460486046762

7349 Dracia the Cruncher (level 10, 0/73 HPs)
             Began as a Demonspawn Gladiator on Jan 13, 2021.
             Was a Believer of Qazlal.
             Slain by a centaur
             ... wielding the +3 morningstar of Mapujap {flame, *Noise rElec rF+++ Str-3}
              (9 damage)
             ... on level 9 of the Dungeon.
             The game lasted 00:19:58 (11961 turns).

Dracia the Cruncher (Demonspawn Gladiator)         Turns: 11961, Time: 00:19:59

Health: 0/73       AC: 13    Str: 19      XL:     10   Next: 91%
Magic:  10/10      EV: 13    Int:  9      God:    Qazlal [**....]
Gold:   746        SH:  2    Dex: 11 (14) Spells: 9/9 levels left

rFire    . . .     SeeInvis +   B - +8 quarterstaff of Disembowelment {drain, Stlth+}
rCold    + . .     Faith    .   (shield currently unavailable)
rNeg     . . .     Spirit   .   e - +3 leather armour {rC+}
rPois    .         Reflect  .   y - +2 hat
rElec    .         Harm     .   K - +2 cloak
rCorr    .         Rampage  .   (no gloves)
Will     ++...                  (boots unavailable)
Stlth    ++........             A - amulet of the acrobat
HPRegen  0.22/turn              v - ring of see invisible
MPRegen  0.12/turn              J - ring of willpower

@: no status effects
A: claws 1, talons 3, slimy green scales 1, demonic guardian 1, deterioration 1,
strong-willed 1, powered by pain 1
a: Renounce Religion, Upheaval


You were on level 9 of the Dungeon.
You worshipped Qazlal.
Qazlal was pleased with you.
You visited 2 branches of the dungeon, and saw 10 of its levels.
You also visited: Sewer and Ossuary.

You collected 746 gold pieces.


Innate Abilities, Weirdness & Mutations

You have claws for feet.
You are partially covered in slimy green scales. (AC +2)
A weak demonic guardian rushes to your aid.
You sometimes gain a little power by taking damage.
You have sharp fingernails.
Your body sometimes deteriorates upon taking damage.
You are strong-willed. (Will+)


   Skills:
 - Level 4.3 Fighting
 - Level 2.6 Short Blades
 + Level 13.5 Staves
 - Level 1.7 Throwing
 - Level 3.3 Armour
 - Level 4.6 Dodging


You had 9 spell levels left.
You didn't know any spells.
Your spell library contained the following spells:

 Spells                   Type           Power        Failure   Level
 Summon Small Mammal      Summ           0%           43%         1
 Call Canine Familiar     Summ           0%           80%         3
 Frozen Ramparts          Ice            0%           80%         3
 Summon Guardian Golem    Hex/Summ       0%           80%         3
 Ice Form                 Ice/Tmut       0%           99%         4
 Simulacrum               Ice/Necr       0%           100%        6

Inventory:

Hand Weapons
 a - a +0 rapier
 i - a +1 vampiric whip
 B - the +8 quarterstaff of Disembowelment (weapon) {drain, Stlth+}
   (You found it on level 4 of the Dungeon)

   A truly terrible weapon, it drains the life of those it strikes.
   It makes you more stealthy.
Missiles
 d - 4 throwing nets (quivered) {=f=f}
 p - a curare-tipped dart {=f=f}
 q - 13 poisoned darts
 u - 4 datura-tipped darts
Armour
 b - a +0 leather armour
 c - a +0 helmet
 e - a +3 leather armour of cold resistance (worn)
 y - a +2 hat (worn)
 K - a +2 cloak (worn)
Magical Staves
 o - an uncursed staff of conjuration {!a!a, unknown}
Jewellery
 t - an uncursed ring of teleportation
 v - a ring of see invisible (left claw)
 A - an amulet of the acrobat (around neck)
 J - a ring of willpower (right claw)
Wands
 r - a wand of flame (21)
 w - a wand of enslavement (8)
 C - a wand of disintegration (15)
 L - a wand of iceblast (11)
Scrolls
 h - a scroll of fog
 l - 3 scrolls of amnesia
 m - 16 scrolls of identify {@r1@r1}
 s - 5 scrolls of remove curse {@r2@r2}
 x - 7 scrolls of teleportation {@r4@r4}
 E - 2 scrolls of fear
 F - a scroll of magic mapping
 I - 3 scrolls of enchant armour
 N - a scroll of enchant weapon
Potions
 f - 7 potions of curing {@q1@q1}
 g - 3 potions of haste {@q3@q3}
 j - 3 potions of cancellation
 k - 4 potions of mutation
 n - 3 potions of magic
 z - 2 potions of heal wounds {@q2@q2}
 D - 5 potions of might
 G - 3 potions of brilliance
 H - 3 potions of flight
 M - 2 potions of resistance

Dungeon Overview and Level Annotations

Branches:
Dungeon (9/15)             Temple (1/1) D:7             Orc (0/2) D:9
  Sewer (visited)         Ossuary (visited)
   Lair: D:8-11

Altars:
Ashenzari
Cheibriados
Dithmenos
Elyvilon
Fedhas
Gozag
Hepliaklqana
Kikubaaqudgha
Makhleb
Nemelex Xobeh
Okawaru
Qazlal
Ru
Sif Muna
Trog
Uskayaw
Vehumet
Wu Jian
Xom
Yredelemnul
Zin
The Shining One

##### ########### ### ##### # ###
### ### ## ## #.
######8###8###8###8###8# #8#####.
.'.....'.........(...... +.....'.
.###.#8###8###8#'#8###8# #8#.####
...#'###########.###### ####'#.♣.
...#.##.###.....5.(...###[##.#♣.♣
...#.##.'......☼Fc......'.##.#.♣.
####.##c##8.....@§....8##.##.####
#....##.'......Zc°......'[##....#
#.8..##.#.......B.o}....#.##..8.#
#....##.'...............'.##....#
####.##.##8...........8##.##.####
...#.##.'...............'.##.#PP♣
.###.##.###...........###)##.#P>♣
.###'#######################'#P.♣
..##.###.#.#.#.#.#.#.#.#.###.#♣.♣


You could see a yaktaur captain (drained), an orc warrior, a bullfrog, a
centaur, a worker ant, a centaur skeleton and a friendly quasit (summoned).


Message History

The yaktaur captain is moderately wounded.
The bullfrog completely misses you.
The centaur skeleton hits you but does no damage.
Your quasit bites the centaur.
Your quasit claws the centaur but does no damage.
Your quasit barely misses the centaur.
The yaktaur captain unwields a +0 arbalest.
The yaktaur captain wields a +0 long sword.
The yaktaur captain hits you with a +0 long sword.
* * * LOW HITPOINT WARNING * * *
You hit the yaktaur captain. You claw the yaktaur captain.
The yaktaur captain is moderately wounded.
The bullfrog misses you.
The centaur unwields a +0 shortbow.
The centaur wields the +3 morningstar of Mapujap {flame, *Noise rElec rF+++ Str-3}.
It bursts into flame!
The centaur hits you but does no damage.
The centaur skeleton hits you.
* * * LOW HITPOINT WARNING * * *
Okay, then.
You sock the yaktaur captain!
The yaktaur captain is heavily wounded.
The bullfrog barely misses you.
The centaur skeleton is engulfed in blazing flames.
The centaur skeleton barely misses you.
The yaktaur captain hits you with a +0 long sword!!
* * * LOW HITPOINT WARNING * * *
Your quasit bites the bullfrog.
Your quasit closely misses the bullfrog. x2
The centaur hits you with the +3 morningstar of Mapujap {flame, *Noise rElec rF+++ Str-3}!
You die...

Skill      XL: |  1  2  3  4  5  6  7  8  9 10 |
---------------+-------------------------------+-----
Dodging        | 3 4 |  4.6
Armour         | 1 2 3 |  3.3
Fighting       | 3 4 |  4.3
Staves         | 2 5 9 11 13 | 13.5
Short Blades   | |  2.6
Throwing       | |  1.7

Action                   |  1- 3 |  4- 6 |  7- 9 | 10-12 || total
-------------------------+-------+-------+-------+-------++-------
Melee: Rapier            |    26 |       |       |       ||    26
       Whip              |   111 |   460 |       |       ||   571
       Quarterstaff      |       |    24 |   244 |   169 ||   437
       Kick              |       |       |    69 |    53 ||   122
  Use: Potion            |     7 |     4 |     3 |       ||    14
       Scroll            |       |    11 |     8 |       ||    19
 Stab: Invisible         |     4 |       |       |       ||     4
       Sleeping          |       |       |     7 |       ||     7
       Distracted        |       |       |       |     1 ||     1
Armor: Leather armour    |    42 |   187 |    71 |    33 ||   333
       Skin              |    25 |    15 |       |       ||    40
Dodge: Dodged            |    76 |   449 |   156 |   106 ||   787
Block: Other             |       |       |       |     6 ||     6

Levels and vault maps discovered:
D:1:      doesnt_arrival_eight_statues, layout_loops_corners,
          minmay_pentomino_v4
D:2:      layout_rooms, uniq_terence, uniq_robin
D:3:      layout_basic, lemuel_round_altar, dk_noncrumbling_3,
          minmay_splitting_lines, kennysheep_generic_room_11
D:4:      layout_gridville, gup_sewer_entry_glass
D:5:      layout_gridville, chequers_serial_rivers_room_b, uniq_edmund
D:6:      layout_loops_ring, gammafunk_temple_overflow_forgotten,
          grunt_temple_overflow_open
D:7:      cheibrodos_barr_body, layout_rooms,
          gammafunk_temple_overflow_elements, minmay_temple_entry_wispy,
          nicolae_ossuary_entry_giza, ebering_dispersal_statue_hall, uniq_pikel
D:8:      layout_basic, nicolae_ru_path_of_blood
D:9:      wad_statue_garden, layout_loops_ring, kennysheep_ying_yang,
          serial_bayou_lagoon_a, uniq_erolcha
Temple:   jpeg_temple_island

Notes
Turn   | Place    | Note
-------+----------+-------------------------------------------
     0 | D:1      | Dracia the Demonspawn Gladiator began the quest for the
                  | Orb.
     0 | D:1      | Reached XP level 1. HP: 16/16 MP: 1/1
   266 | D:1      | Gained mutation: You sometimes gain a little power by
                  | taking damage. [demonic ancestry]
   266 | D:1      | Reached XP level 2. HP: 22/22 MP: 2/2
   627 | D:1      | Reached skill level 3 in Dodging
   668 | D:1      | Reached skill level 1 in Armour
  1181 | D:2      | Gained mutation: You are partially covered in slimy green
                  | scales. (AC +2) [demonic ancestry]
  1181 | D:2      | Reached XP level 3. HP: 15/28 MP: 3/3
  1487 | D:2      | Noticed Terence
  1491 | D:2      | Noticed Robin
  1532 | D:2      | HP: 2/28 [Terence/+2 falchion of protection (6)]
  1537 | D:2      | Gained mutation: Your body sometimes deteriorates upon
                  | taking damage. [potion of mutation]
  1537 | D:2      | Gained mutation: You are strong-willed. (Will+) [potion of
                  | mutation]
  1537 | D:2      | Gained mutation: You have sharp fingernails. [potion of
                  | mutation]
  1548 | D:2      | Killed Terence
  1561 | D:2      | Reached XP level 4. HP: 16/34 MP: 4/4
  1572 | D:2      | Killed Robin
  1573 | D:2      | Reached skill level 3 in Fighting
  1874 | D:2      | Reached skill level 2 in Armour
  2476 | D:3      | Reached XP level 5. HP: 41/41 MP: 5/5
  2673 | D:3      | Found a sacrificial altar of Ru.
  3432 | D:4      | Reached skill level 4 in Dodging
  3503 | D:4      | Found a glowing drain.
  3892 | Sewer    | Entered a sewer
  4299 | Sewer    | Reached skill level 4 in Fighting
  4299 | Sewer    | Reached skill level 3 in Armour
  4299 | Sewer    | Gained mutation: A weak demonic guardian rushes to your
                  | aid. [demonic ancestry]
  4299 | Sewer    | Reached XP level 6. HP: 39/48 MP: 6/6
  4646 | D:4      | Identified the Incunabulum of the Congealing Entourage
  5299 | D:4      | Got an encrusted quarterstaff
  5300 | D:4      | Identified the +8 quarterstaff of Disembowelment {drain,
                  | Stlth+} (You found it on level 4 of the Dungeon)
  5394 | D:4      | Reached skill level 1 in Staves
  5569 | D:5      | Entered Level 5 of the Dungeon
  5588 | D:5      | Reached skill level 2 in Staves
  5588 | D:5      | Gained mutation: You have sharp toenails. [demonic
                  | ancestry]
  5588 | D:5      | Reached XP level 7. HP: 40/55 MP: 7/7
  5708 | D:5      | Reached skill level 3 in Staves
  5845 | D:5      | Reached skill level 4 in Staves
  5904 | D:5      | Reached skill level 5 in Staves
  6167 | D:5      | Gained mutation: You have razor-sharp toenails. [demonic
                  | ancestry]
  6167 | D:5      | Reached XP level 8. HP: 60/61 MP: 8/8
  6189 | D:5      | Noticed Edmund
  6199 | D:5      | Killed Edmund
  6388 | D:5      | Reached skill level 6 in Staves
  6546 | D:6      | Reached skill level 7 in Staves
  6900 | D:6      | Found a shadowy altar of Dithmenos.
  6910 | D:6      | Found a glowing golden altar of the Shining One.
  6912 | D:6      | Found a sparkling altar of Nemelex Xobeh.
  6912 | D:6      | Found a snail-covered altar of Cheibriados.
  6913 | D:6      | Found a radiant altar of Vehumet.
  7006 | D:6      | Reached skill level 8 in Staves
  7081 | D:6      | Found an ornate altar of the Wu Jian Council.
  7081 | D:6      | Found an opulent altar of Gozag.
  7420 | D:6      | Found an ancient bone altar of Kikubaaqudgha.
  7470 | D:7      | Noticed Pikel
  7483 | D:7      | HP: 6/61 [lemure[Pikel] (4)]
  7486 | D:7      | Killed Pikel
  7487 | D:7      | Reached skill level 9 in Staves
  7487 | D:7      | Gained mutation: You have claws for feet. [demonic
                  | ancestry]
  7487 | D:7      | Reached XP level 9. HP: 30/66 MP: 9/9
  7511 | D:7      | Found a staircase to the Ecumenical Temple.
  7662 | D:7      | Found a sand-covered staircase.
  7668 | Ossuary  | Entered an ossuary
  8244 | Ossuary  | Identified 3 potions of resistance
  8437 | Temple   | Entered the Ecumenical Temple
  8562 | Temple   | Became a worshipper of Qazlal Stormbringer
  8709 | D:7      | Found a hazy altar of Hepliaklqana.
  8709 | D:7      | Found a burning altar of Makhleb.
  9200 | D:7      | Reached skill level 10 in Staves
  9336 | D:8      | Noticed a troll
  9347 | D:8      | Killed a troll
  9515 | D:8      | Found a sacrificial altar of Ru.
  9568 | D:8      | Noticed a two-headed ogre
  9574 | D:8      | Killed a two-headed ogre
  9575 | D:8      | Reached skill level 11 in Staves
  9658 | D:8      | Reached XP level 10. HP: 73/73 MP: 10/10
  9667 | D:8      | Reached * piety under Qazlal
 10318 | D:9      | Noticed Erolcha
 10324 | D:9      | Killed Erolcha
 10325 | D:9      | Reached skill level 12 in Staves
 10480 | D:9      | Identified a +2 robe of resistance
 10739 | D:9      | Reached skill level 13 in Staves
 10841 | D:9      | Found a basalt altar of Yredelemnul.
 10923 | D:9      | Reached ** piety under Qazlal
 11080 | D:9      | Found a staircase to the Orcish Mines.
 11800 | D:9      | Found a white marble altar of Elyvilon.
 11928 | D:9      | Identified the +3 morningstar of Mapujap {flame, *Noise
                  | rElec rF+++ Str-3}
 11952 | D:9      | Noticed a yaktaur captain
 11961 | D:9      | Slain by a centaur

Vanquished Creatures
  Erolcha (D:9)
  A two-headed ogre (D:8)
  Pikel (D:7)
  A troll (D:8)
  A wyvern (D:8)
  5 yaks
  Edmund (D:5)
  2 ice beasts
  4 orc warriors
  A phantom (D:5)
  2 black bears (D:9)
  2 centaurs (D:9)
  3 ogres
  A big kobold (D:9)
  3 bullfrogs
  A gnoll sergeant (D:9)
  A scorpion (D:6)
  4 electric eels (D:9)
  9 wights
  2 howler monkeys (D:6)
  A bullfrog zombie (D:7)
  A bullfrog skeleton (D:5)
  6 orc priests
  A centaur zombie (D:8)
  6 hounds
  A gnoll shaman (D:5)
  A jelly (D:8)
  6 orc wizards
  3 centaur skeletons
  Terence (D:2)
  8 worker ants
  An iguana (D:7)
  2 killer bee zombies
  13 mummies
  Robin (D:2)
  18 gnolls
  16 adders
  2 shadow imps
  4 white imps
  2 ufetubi
  An adder skeleton (D:4)
  4 worms
  2 dart slugs
  12 leopard geckos
  19 orcs
  7 giant cockroaches
  14 goblins
  10 hobgoblins
  7 jackals
  10 kobolds
  3 quokkas
  5 ball pythons
  4 bats
  8 frilled lizards
  A giant cockroach zombie (D:6)
  3 gnoll skeletons (Ossuary)
  A goblin skeleton (Ossuary)
  A hobgoblin zombie (D:7)
  A jackal skeleton (D:8)
  2 kobold skeletons (Ossuary)
  A leopard gecko skeleton (D:4)
  2 orc skeletons (Ossuary)
  An orc zombie (D:7)
  6 rats
  11 rat skeletons (Ossuary)
276 creatures vanquished.

Vanquished Creatures (collateral kills)
  2 yaks (D:9)
  A phantom (D:5)
  A centaur (D:6)
  A scorpion (D:5)
  2 orc priests
  2 orc wizards
  An adder (D:6)
  A gnoll (D:5)
  2 orcs
13 creatures vanquished.

Vanquished Creatures (others)
  21 plants (D:9)
21 creatures vanquished.

Grand Total: 310 creatures vanquished

Table legend: (Time is in decaauts)
 A = Elapsed time spent in this place.
 B = Non-inter-level travel time spent in this place.
 C = Inter-level travel time spent in this place.
 D = Time resting spent in this place.
 E = Time spent auto-exploring this place.
 F = Levels seen in this place.
 G = Mean time per level.
                   A        B        C        D        E       F      G
               +--------+--------+--------+--------+--------+-----+--------+
         Total |  12047 |  11778 |    269 |   1040 |   8539 |  12 | 1003.9 |
       Dungeon |  10523 |  10285 |    238 |    869 |   7596 |   9 | 1169.2 |
        Temple |    163 |    132 |     31 |      0 |    129 |   1 |  163.0 |
         Sewer |    777 |    777 |      0 |      0 |    514 |   1 |  777.0 |
       Ossuary |    583 |    583 |      0 |    171 |    299 |   1 |  583.0 |
               +--------+--------+--------+--------+--------+-----+--------+

Top non-repeatable levels by time:
     D:9: 1785 daAuts
     D:4: 1509 daAuts
     D:3: 1298 daAuts
     D:1: 1127 daAuts
     D:7: 1100 daAuts
     D:2: 999 daAuts
     D:6: 956 daAuts
     D:5: 945 daAuts
     D:8: 801 daAuts
   Sewer: 777 daAuts
 Ossuary: 583 daAuts
  Temple: 163 daAuts

Table legend:
 A = Non-vault XP
 B = Vault XP
 C = Vault XP percentage of total XP
 D = Non-vault monster count
 E = Vault monster count
 F = Vault count percentage of total count
                 A         B        C        D         E       F
            +---------+---------+-------+---------+---------+-------
      Total |    7546 |    2953 |  28.1 |     202 |      87 |  30.1
            +---------+---------+-------+---------+---------+-------
        D:1 |      27 |       8 |  22.9 |      15 |       4 |  21.1
        D:2 |      43 |      70 |  61.9 |      15 |      12 |  44.4
        D:3 |     103 |       0 |   0.0 |      21 |       0 |   0.0
        D:4 |     240 |      29 |  10.8 |      18 |       3 |  14.3
        D:5 |    1064 |     173 |  14.0 |      30 |       1 |   3.2
        D:6 |     653 |       0 |   0.0 |      17 |       0 |   0.0
        D:7 |     424 |    1013 |  70.5 |      19 |      14 |  42.4
        D:8 |    1772 |       0 |   0.0 |      20 |       0 |   0.0
        D:9 |    3220 |    1288 |  28.6 |      47 |       4 |   7.8
      Sewer |       0 |     141 | 100.0 |       0 |      18 | 100.0
    Ossuary |       0 |     231 | 100.0 |       0 |      31 | 100.0
            +---------+---------+-------+---------+---------+-------
